Match 46159557
Unlisted

Match 46159557
End
Construct Infanterie Kompanie
Selects Mechanized Battlegroup
MG 42 Machine Gun Team
GrW 34 Mortar Team
Grenadier Squad
Construct Luftwaffe Kompanie
Jäger Squad
Selects Mobile Repair Stations
Jäger Squad
Jäger Squad
Support Elements
Wirbelwind Flakpanzer
Wirbelwind Flakpanzer
Selects Wespe Self-propelled Artillery
Jäger Squad
Jäger Squad
Pioneer Squad
Pioneer Squad
Luftwaffe Officer Quarters
Wespe Self-propelled Artillery
Selects Zeroing Artillery Barrage
Wespe Self-propelled Artillery
Jäger Squad
Selects Raid Package
Selects StuG Assault Group
Construct Panzer Kompanie
Selects UNKNOWN (2160084)
Panther Heavy Tank
Zeroing Artillery Barrage
Panther Heavy Tank
za peinter
JUBA
寶兔兔
SADDAM HUSSEIN
Chubbybro
Bubbciss
咖喱
jaws2005
0
0

Comments sign in to comment!

No comments posted yet!